Map: Hecate LE

Players

Reynor

  • Race: Zerg Zerg
  • League: Master
  • Spawn Location: 7:00

Harstem - Winner!

  • Race: Protoss Protoss
  • League: Grandmaster
  • Spawn Location: 1:00

VOD

Have the link to the VOD?

Description

Time

  • Played on: Oct. 16, 2023, 1:17 p.m.
  • Length: 13:39
Show
View Real Time Build Order
Export as new Build Order

Reynor Zerg 

Build Orders: Hatch First 

Get SALT Encoding   

  12  0:00  Drone  
  13  0:12  Overlord  
  13  0:16  Drone  
  14  0:31  Drone x2  
  16  0:43  Drone  
  16  0:46  Drone  
  18  0:55  Hatchery  
  17  0:58  Drone  
  17  1:02  Extractor  
  17  1:13  Spawning Pool  
  17  1:17  Drone  
  17  1:20  Drone  
  18  1:28  Drone  
  19  1:39  Drone  
  20  1:49  Overlord  
  20  1:59  Queen  
  22  2:06  Drone, Queen  
  22  2:07  Drone  
  26  2:13  Zergling x2  
  26  2:14  Metabolic Boost  
  27  2:17  Zergling x2  
  27  2:22  Drone  
  29  2:28  Drone  
  32  2:40  Drone, Hatchery  
  32  2:41  Zergling x2  
  31  2:46  Overlord  
  31  2:52  Queen  
  31  2:56  Drone  
  31  2:57  Drone  
  35  3:00  Drone  
  36  3:06  Queen  
  36  3:09  Drone  
  36  3:11  Drone  
  40  3:15  Overlord  
  40  3:17  Drone  
  41  3:24  Overlord  
  41  3:33  Queen  
  44  3:34  Drone  
  44  3:35  Overlord  
  44  3:43  Drone x3  
  44  3:44  Drone  
  44  3:45  Drone x2  
  50  3:53  Spore Crawler, Queen  
  50  3:55  Drone  
  52  3:56  Drone  
  52  3:59  Drone  
  54  4:04  Drone x3  
  54  4:06  Drone  
  59  4:10  Overlord  
  59  4:11  Zergling x2  
  59  4:12  Zergling x2  
  61  4:18  Roach Warren  
  61  4:19  Zergling x6  
  61  4:23  Zergling x4  
  65  4:25  Overlord  
  65  4:27  Zergling x2  
  65  4:31  Zergling x2  
  67  4:35  Zergling x2  
  67  4:36  Zergling x2  
  69  4:41  Overlord  
  69  4:46  Zergling x4  
  69  4:47  Zergling x6  
  71  5:03  Roach x7  
  71  5:04  Roach  
  71  5:05  Drone  
  76  5:07  Drone  
  76  5:08  Drone x3  
  76  5:14  Drone x2  
  80  5:15  Drone  
  80  5:19  Drone  
  80  5:20  Drone  
  76  5:24  Drone  
  71  5:30  Drone x2  
  71  5:33  Drone  
  74  5:36  Drone  
  74  5:40  Drone  
  74  5:42  Extractor x2  
  74  5:43  Drone  
  74  5:44  Drone  
  74  5:47  Queen  
  74  5:49  Drone  
  79  5:51  Spore Crawler  
  79  5:53  Spore Crawler  
  79  5:54  Drone x3  
  79  5:55  Drone  
  81  5:58  Drone  
  81  6:00  Drone  
  81  6:02  Drone x3  
  86  6:04  Lair  
  86  6:06  Drone  
  86  6:10  Overlord  
  88  6:11  Drone  
  88  6:14  Extractor  
  88  6:15  Evolution Chamber  
  88  6:16  Extractor  
  88  6:17  Drone x2  
  89  6:19  Overlord  
  89  6:21  Spore Crawler  
  89  6:23  Drone x2  
  89  6:27  Drone  
  90  6:32  Drone  
  90  6:33  Drone x3  
  90  6:34  Drone  
  90  6:35  Drone  
  90  6:36  Drone  
  90  6:38  Drone  
  97  6:42  Zerg Melee Weapons Level 1, Baneling Nest  
  97  6:44  Drone x2  
  97  6:46  Drone x2  
  100  6:49  Extractor  
  100  6:51  Overlord  
  99  6:59  Hatchery  
  98  7:02  Glial Reconstitution  
  98  7:05  Zergling x8, Spore Crawler  
  98  7:06  Zergling x2  
  98  7:07  Overseer  
  102  7:10  Roach x2  
  102  7:11  Ravager x3  
  102  7:14  Zergling x2, Roach  
  112  7:16  Overlord  
  112  7:23  Overlord  
  112  7:26  Zergling x2  
  112  7:28  Overlord  
  113  7:31  Centrifugal Hooks  
  113  7:35  Roach x4  
  113  7:37  Overlord  
  121  7:43  Ravager  
  121  7:44  Ravager x2  
  124  7:48  Roach x3  
  124  7:49  Drone x6  
  124  7:51  Overlord  
  136  7:55  Ravager x2  
  138  7:59  Zergling x2, Roach x3  
  138  8:00  Overlord  
  138  8:01  Overlord  
  145  8:06  Overlord  
  145  8:11  Zergling x2  
  145  8:12  Zergling x16  
  154  8:17  Zergling x6  
  157  8:23  Zergling x6  
  160  8:28  Ravager x3  
  160  8:30  Drone  
  160  8:33  Baneling x13  
  160  8:34  Baneling  
  164  8:39  Hatchery  
  162  8:41  Overseer  
  162  8:47  Zergling x28  
  173  8:53  Zergling x4, Roach x3  
  181  8:57  Overlord  
  181  9:05  Zerg Melee Weapons Level 2  
  181  9:08  Zergling x10  
  180  9:13  Baneling x15  
  180  9:15  Zergling x12  
  184  9:25  Zergling x4  
  184  9:27  Zergling x4  
  188  9:32  Baneling x13  
  188  9:34  Zergling x4  
  190  9:39  Zergling x4  
  190  9:40  Overlord x2  
  190  9:44  Infestation Pit, Drone  
  192  9:53  Drone  
  192  9:54  Drone x5  
  192  9:59  Drone x2  
  183  10:12  Zergling x28  
  186  10:20  Zergling x4  
  186  10:21  Hive  
  172  10:22  Zergling x2  
  172  10:25  Zergling x2  
  172  10:27  Drone x3, Queen  
  172  10:28  Extractor  
  178  10:32  Zergling x16  
  178  10:34  Baneling x18  
  178  10:35  Baneling x9  
  186  10:36  Zergling x6  
  186  10:38  Ravager  
  186  10:39  Zergling x8  
  194  10:45  Spore Crawler  
  194  10:46  Spine Crawler  
  194  10:47  Zergling x8  
  194  10:49  Baneling x12  
  195  10:57  Drone x6  
  199  11:07  Zergling x18  
  187  11:12  Zergling x2, Roach x2, Hatchery  
  187  11:13  Zergling x8  
  187  11:14  Zergling x2  
  182  11:19  Zergling x2  
  182  11:21  Zergling x4  
  182  11:25  Zergling x6  
  187  11:28  Zergling x6  
  187  11:29  Zergling x6  
  187  11:30  Zergling x6  
  195  11:35  Zergling x4  
  195  11:37  Zerg Ground Armor Level 1  
  193  11:41  Baneling x31  
  193  11:42  Zergling x4  
  195  11:48  Zergling x10  
  199  11:59  Zergling x12  
  197  12:11  Zergling x2, Roach  
  197  12:12  Zergling x18  
  174  12:16  Roach  
  174  12:17  Roach  
  174  12:22  Baneling x14  
  174  12:24  Zergling x2, Roach x2  
  174  12:25  Ravager x2  
  174  12:26  Queen  
  174  12:29  Roach  
  179  12:30  Zergling x6, Roach  
  179  12:31  Roach  
  161  12:39  Zergling x10  
  154  12:45  Zergling x8  
  154  12:49  Baneling x7  
  154  12:50  Baneling  
  158  12:53  Zergling x4  
  158  12:56  Ravager x2  
  158  12:57  Ravager  
  158  12:58  Zergling x10  
  168  12:59  Zergling x6  
  168  13:01  Hatchery  
  168  13:04  Zergling x10  
  175  13:11  Baneling x14  
  175  13:12  Zergling x2  
  176  13:15  Zergling x6  
  176  13:21  Zergling x8  
Show
View Real Time Build Order
Export as new Build Order

Harstem Protoss - Winner!

Build Orders: 1 Gate Expand, Mass Adepts 

Get SALT Encoding   

  12  0:00  Probe  
  13  0:12  Probe  
  14  0:21  Pylon  
  14  0:24  Probe  
  15  0:40  Gateway, Probe (Chrono Boost)  
  16  0:47  Probe (Chrono Boost)  
  17  0:51  Assimilator  
  17  0:54  Probe  
  18  1:06  Probe  
  20  1:18  Probe  
  20  1:26  Nexus  
  20  1:35  Cybernetics Core  
  20  1:37  Probe  
  21  1:44  Assimilator  
  21  1:49  Probe  
  21  1:52  Pylon  
  22  2:01  Probe  
  23  2:09  Adept (Chrono Boost)  
  23  2:11  Warp Gate  
  23  2:14  Probe  
  26  2:23  Twilight Council  
  26  2:26  Probe  
  27  2:32  Stalker  
  29  2:38  Probe x2  
  31  2:49  Gateway  
  31  2:50  Probe  
  31  2:51  Probe  
  33  2:59  Gateway  
  33  3:02  Probe  
  33  3:03  Probe  
  35  3:08  Resonating Glaives (Chrono Boost)  
  35  3:11  Gateway  
  35  3:14  Probe  
  35  3:15  Probe  
  37  3:25  Pylon  
  37  3:26  Probe  
  38  3:27  Probe  
  38  3:32  Adept (Chrono Boost)  
  41  3:42  Nexus  
  41  3:46  Probe x2  
  43  4:03  Adept x3  
  43  4:05  Adept  
  43  4:08  Probe x2, Pylon  
  53  4:19  Assimilator  
  53  4:23  Pylon  
  53  4:26  Adept x4  
  53  4:27  Probe  
  62  4:34  Assimilator  
  62  4:36  Robotics Facility  
  62  4:41  Probe x2  
  64  4:47  Adept x3  
  70  4:58  Probe  
  70  4:59  Probe  
  72  5:00  Probe  
  67  5:11  Probe (Chrono Boost)  
  67  5:14  Sentry, Adept  
  68  5:15  Shield Battery, Probe (Chrono Boost)  
  68  5:18  Probe (Chrono Boost)  
  69  5:21  Probe (Chrono Boost)  
  69  5:25  Probe x2 (Chrono Boost)  
  69  5:26  Probe (Chrono Boost)  
  64  5:28  Stalker  
  64  5:29  Stalker  
  64  5:32  Robotics Bay  
  64  5:33  Robotics Facility  
  64  5:35  Probe  
  67  5:37  Probe  
  67  5:39  Probe  
  69  5:47  Probe  
  69  5:48  Observer (Chrono Boost), Adept  
  69  5:49  Probe, Stalker  
  76  5:51  Probe, Pylon  
  77  5:59  Sentry, Assimilator, Probe  
  77  6:00  Adept  
  77  6:03  Probe  
  83  6:04  Probe  
  83  6:05  Assimilator  
  84  6:11  Probe  
  84  6:15  Probe  
  84  6:17  Pylon, Probe  
  87  6:24  Probe  
  88  6:29  Pylon  
  88  6:32  Colossus (Chrono Boost)  
  88  6:33  Probe  
  88  6:36  Pylon, Probe x2  
  99  6:40  Colossus (Chrono Boost)  
  99  6:41  Pylon  
  99  6:44  Extended Thermal Lance  
  99  6:46  Forge  
  99  6:52  Probe  
  100  6:57  Gateway  
  100  7:00  Gateway  
  100  7:01  Gateway  
  100  7:02  Probe  
  100  7:05  Gateway  
  100  7:06  Sentry  
  100  7:07  Sentry  
  111  7:18  Protoss Ground Weapons Level 1 (Chrono Boost), Colossus (Chrono Boost)  
  111  7:22  Warp Prism (Chrono Boost)  
  113  7:23  Blink (Chrono Boost)  
  113  7:28  Stalker x2  
  113  7:29  Photon Cannon  
  117  7:33  Pylon  
  117  7:34  Pylon  
  117  7:35  Probe  
  117  7:36  Stalker x2  
  122  7:42  Probe  
  122  7:43  Pylon  
  123  7:50  Probe  
  124  7:52  Pylon  
  124  7:58  Nexus  
  124  8:02  Pylon  
  124  8:09  Stalker x4  
  132  8:17  Probe  
  133  8:21  Shield Battery  
  133  8:22  Photon Cannon  
  133  8:23  Probe  
  133  8:25  Stalker  
  133  8:26  Templar Archives, Stalker x2  
  140  8:27  Pylon  
  140  8:32  Stalker x2  
  144  8:41  Stalker x2  
  144  8:46  Immortal  
  144  8:48  Pylon  
  152  8:55  Probe  
  153  8:57  Probe  
  153  8:58  Stalker x4  
  153  8:59  Sentry  
  164  9:04  Stalker x2  
  164  9:07  Probe  
  164  9:08  Stalker  
  167  9:12  Protoss Ground Weapons Level 2 (Chrono Boost)  
  167  9:14  Probe  
  167  9:15  Photon Cannon  
  164  9:18  Probe  
  164  9:21  Assimilator  
  165  9:27  Assimilator, Immortal  
  165  9:29  High Templar x2  
  174  9:31  Probe  
  174  9:35  Photon Cannon  
  174  9:38  Psionic Storm  
  174  9:41  High Templar  
  176  9:46  Photon Cannon  
  176  9:51  Shield Battery  
  176  9:56  Stalker  
  176  9:57  Zealot, Stalker  
  180  10:05  Stalker x4  
  164  10:15  Probe (Chrono Boost)  
  164  10:17  Probe (Chrono Boost)  
  164  10:18  Immortal x2 (Chrono Boost)  
  164  10:19  Probe (Chrono Boost)  
  162  10:22  Probe (Chrono Boost)  
  162  10:28  Probe (Chrono Boost)  
  164  10:29  Probe (Chrono Boost)  
  164  10:30  High Templar x2  
  164  10:33  Probe (Chrono Boost)  
  164  10:34  Probe (Chrono Boost)  
  170  10:36  Photon Cannon  
  170  10:40  Shield Battery  
  170  10:43  Probe  
  170  10:46  Probe  
  170  10:48  Zealot x4  
  180  10:57  Pylon  
  180  11:01  Pylon  
  175  11:14  Probe  
  175  11:15  Probe  
  175  11:16  Observer  
  175  11:18  High Templar  
  171  11:19  High Templar  
  171  11:20  High Templar x2  
  171  11:21  High Templar x2  
  171  11:22  Zealot x2  
  171  11:25  Pylon, Probe  
  186  11:26  Charge  
  186  11:27  Archon x2  
  184  11:37  Observer  
  184  11:39  Probe  
  180  11:42  Immortal  
  180  11:45  Photon Cannon  
  184  11:59  Stalker x8  
  162  12:22  High Templar x3  
  156  12:23  High Templar, Zealot  
  156  12:24  Zealot x2  
  156  12:27  Warp Prism (Chrono Boost)  
  156  12:28  Archon x2  
  158  12:37  Immortal (Chrono Boost)  
  160  12:47  Zealot x4  
  166  12:52  Probe  
  166  12:53  Immortal (Chrono Boost), Probe  
  172  13:06  High Templar x4  
  172  13:07  Zealot x3  
  172  13:12  Archon x2  
Tags
 
Add a new tag
Caveats
  • Supply blocks, unpowered buildings, or Contaminate may cause inaccurate times.
  • Supply counts are checked every 10 seconds.